 Dungeon Crawl Stone Soup version 0.30.0-15-g856e2d3f33 (webtiles) character file.

Game seed: 9175635223942803672

2977 meatpath the Fighter (level 9, -4/60 HPs)
             Began as a Gargoyle Fighter on May 18, 2023.
             Was a Follower of the Shining One.
             Killed from afar by a steam dragon (14 damage)
             ... with a ball of steam
             ... on level 9 of the Dungeon.
             The game lasted 00:19:06 (8275 turns).

meatpath the Fighter (Gargoyle Fighter)             Turns: 8275, Time: 00:19:07

Health: -4/60      AC: 21    Str: 25    XL:     9   Next: 82%
Magic:  9/9        EV: 13    Int:  8    God:    the Shining One [*.....]
Gold:   452        SH:  4    Dex:  9    Spells: 8/8 levels left

rFire   . . .        E - +0 morningstar (venom)
rCold   . . .        c - +0 buckler
rNeg    + . .        a - +0 plate armour
rPois   ∞            B - +1 helmet
rElec   +            (no cloak)
rCorr   +            t - +0 pair of gloves
SInv    .            (no boots)
Will    .....        (no amulet) Stlth
                     k - ring of resist corrosion
HPRegen 0.30/turn    d - +5 ring of evasion
MPRegen 0.11/turn

%: no passive effects
@: glowing, studying Long Blades
A: sickness immunity, AC +6, negative energy resistance 1, electricity
resistance, torment resistance 1, petrification resistance
a: Renounce Religion, Divine Shield


You were on level 9 of the Dungeon.
You worshipped the Shining One.
The Shining One was aware of your devotion.
You visited 2 branches of the dungeon, and saw 10 of its levels.

You collected 452 gold pieces.

Inventory:

Hand Weapons
 E - a +0 morningstar of venom (weapon)
Missiles
 n - 3 throwing nets (quivered)
Armour
 a - a +0 plate armour (worn)
 b - a +0 scale mail
 c - a +0 buckler (worn)
 t - a +0 pair of gloves (worn)
 B - a +1 helmet (worn)
 D - +0 steam dragon scales
Jewellery
 d - a +5 ring of evasion (right hand)
 k - a ring of resist corrosion (left hand)
 o - a +6 ring of intelligence
 z - a +6 ring of strength
Wands
 y - a wand of digging (1)
 C - a wand of mindburst (14)
Scrolls
 g - 4 scrolls of immolation
 h - a scroll of enchant armour
 m - 4 scrolls of magic mapping {unknown}
 r - a scroll of noise
 s - 2 scrolls of fog {unknown}
 u - a scroll of summoning {unknown}
 v - 3 scrolls of vulnerability {unknown}
 w - a scroll of blinking
 x - a scroll of torment {unknown}
 G - a scroll of identify
Potions
 e - a potion of heal wounds
 f - 6 potions of flight {unknown}
 i - 5 potions of attraction {unknown}
 j - 4 potions of haste {unknown}
 l - 5 potions of lignification {unknown}
 p - a potion of might
 q - a potion of invisibility {unknown}
 A - a potion of curing
 F - a potion of brilliance {unknown}


   Skills:
 + Level 9.1 Fighting
 + Level 7.9 Maces & Flails
 + Level 3.8 Armour
 - Level 5.1 Dodging
 - Level 5.3 Shields


You had 8 spell levels left.
You didn't know any spells.
Your spell library contained the following spells:

 Spells                   Type           Power      Damage    Failure   Level
 Summon Small Mammal      Summ           0%         N/A       100%        1
 Call Canine Familiar     Summ           0%         N/A       100%        3
 Summon Guardian Golem    Hex/Summ       0%         N/A       100%        3
 Leda's Liquefaction      Hex/Erth       0%         N/A       100%        4
 Lee's Rapid Deconstruct  Erth           0%         3d4*      100%        5
 Statue Form              Tmut/Erth      Unusable   N/A       N/A         6

Dungeon Overview and Level Annotations

Branches:
Dungeon (9/15)             Temple (1/1) D:5
   Lair: D:8-11         Orc: D:9-12

Altars:
Ashenzari
Cheibriados
Dithmenos
Elyvilon
Fedhas
Gozag
Hepliaklqana
Kikubaaqudgha
Makhleb
Nemelex Xobeh
Okawaru
Qazlal
Ru
Sif Muna
Trog
Uskayaw
Vehumet
Wu Jian
Xom
Yredelemnul
Zin
The Shining One

Annotations:
D:3 3 runed translucent doors, elongatedgoose's ghost, amateur GnFi
D:4 3 runed translucent doors, browni3141's ghost, novice MiFi
D:7 1 runed translucent door, Crazy Yiuf


Innate Abilities, Weirdness & Mutations

You are immune to sickness and miasma.
Your stone body is resilient. (AC +6)
You are immune to poison.
You resist negative energy. (rN+)
You are resistant to electric shocks. (rElec)
You are resistant to unholy torment.
You are immune to petrification.


Message History

You hit the steam dragon.
The steam dragon is poisoned.
The steam dragon is lightly wounded.
The steam dragon closely misses you.
The steam dragon claws you but does no damage.
The kobold completely misses you.
The kobold brigand hits you but does no damage.
Unknown command.
You barely miss the steam dragon.
The steam dragon is lightly wounded.
You block the steam dragon's attack.
The steam dragon claws you but does no damage.
A kobold comes into view. It is wielding a +0 whip.
The kobold hits you but does no damage.
The kobold brigand hits you but does no damage.
An orc comes into view. It is wielding a +0 hand axe.
A kobold comes into view.
It is wielding a +0 short sword of freezing.
You block the kobold's attack.
The steam dragon attacks as you move away!
The steam dragon misses you. The steam dragon claws you.
The kobold attacks as you move away! The kobold completely misses you.
The kobold attacks as you move away! The kobold closely misses you.
The steam dragon attacks as you move away!
The steam dragon misses you. The steam dragon claws you.
The steam dragon breathes steam at you. The ball of steam hits you!
* * * LOW HITPOINT WARNING * * *
The kobold attacks as you move away! You block the kobold's attack.
You are engulfed in a cloud of scalding steam.
* * * LOW HITPOINT WARNING * * *
The kobold is engulfed in a cloud of scalding steam.
The kobold dies!
You are engulfed in a cloud of scalding steam.
* * * LOW HITPOINT WARNING * * *
You are engulfed in a cloud of scalding steam.
The kobold brigand is engulfed in a cloud of scalding steam.
The orc priest is engulfed in a cloud of scalding steam.
The steam dragon looks more healthy.
The steam dragon breathes steam at you. The ball of steam hits you!
You die...

#####################
....................#
....................#
.#####..####........#
#@.# #........# #§.#
#........# #§.#
#........# #D.#
#....<...# #K.#
#........# #o.#
#........# #..#
#........# #K.#
#........# #o)#
#........#


There were no monsters in sight!

Vanquished Creatures
  A troll (D:7)
  A wyvern (D:7)
  Eustachio (D:4)
  Menkaure (D:6)
  A steam dragon (D:8)
  A water moccasin (D:7)
  Edmund (D:4)
  2 orc warriors
  Duvessa (D:5)
  A black bear (D:5)
  2 ogres (D:6)
  Blork the orc (D:6)
  2 bullfrogs (D:8)
  A gnoll sergeant (D:7)
  2 scorpions (D:7)
  4 wights (D:7)
  Dowan (D:5)
  4 howler monkeys
  3 orc priests
  2 hounds
  4 jellies
  2 gnoll boudas (D:7)
  An iguana (D:6)
  3 orc wizards
  11 gnolls
  4 adders
  2 shadow imps (D:6)
  A white imp (D:6)
  3 worms
  3 dart slugs
  16 orcs
  3 ball pythons
  6 endoplasms
  3 giant cockroaches
  9 goblins
  4 hobgoblins
  7 jackals (D:1)
  3 quokkas
  4 bats (D:1)
  2 frilled lizards (D:1)
  6 kobolds
  3 rats
133 creatures vanquished.

Vanquished Creatures (others)
  2 kobolds (D:9)
2 creatures vanquished.

Grand Total: 135 creatures vanquished

Notes
Turn   | Place    | Note
-------+----------+-------------------------------------------
     0 | D:1      | meatpath the Gargoyle Fighter began the quest for the Orb.
     0 | D:1      | Reached XP level 1. HP: 14/14 MP: 1/1
    68 | D:1      | Found a faded altar of an unknown god.
    80 | D:1      | Reached XP level 2. HP: 19/19 MP: 2/2
   311 | D:1      | Reached XP level 3. HP: 24/24 MP: 3/3
   657 | D:2      | Reached skill level 4 in Fighting
  1093 | D:2      | Reached XP level 4. HP: 29/29 MP: 4/4
  1785 | D:3      | Found a runed translucent gate.
  1785 | D:3      | Found a runed translucent gate.
  1785 | D:3      | Found a runed translucent gate.
  1788 | D:3      | Found an opulent altar of Gozag.
  1788 | D:3      | Noticed a scorpion
  1790 | D:3      | Noticed elongatedgoose's ghost (amateur GnFi)
  2084 | D:4      | Noticed Eustachio
  2094 | D:4      | Killed Eustachio
  2095 | D:4      | Reached XP level 5. HP: 29/34 MP: 5/5
  2095 | D:4      | Reached XP level 6. HP: 34/40 MP: 6/6
  2208 | D:4      | Noticed Edmund
  2399 | D:4      | Reached skill level 5 in Fighting
  2421 | D:4      | Reached skill level 5 in Shields
  2520 | D:4      | Found a runed translucent gate.
  2520 | D:4      | Found a runed translucent gate.
  2521 | D:4      | Found a runed translucent gate.
  2523 | D:4      | Noticed browni3141's ghost (novice MiFi)
  2527 | D:4      | Identified the +1 ring mail of Chill Winds {-Tele Harm
                  | rPois}
  2632 | D:5      | Entered Level 5 of the Dungeon
  2712 | D:5      | Found a sacrificial altar of Ru.
  2750 | D:5      | Noticed a black bear
  2772 | D:5      | Killed a black bear
  3090 | D:5      | Found a staircase to the Ecumenical Temple.
  3099 | Temple   | Entered the Ecumenical Temple
  3106 | Temple   | Became a worshipper of the Shining One
  3136 | D:5      | Noticed Duvessa
  3153 | D:5      | Noticed Dowan
  3641 | D:6      | HP: 2/40 [ogre/+0 giant club (6)]
  3643 | D:6      | Reached skill level 1 in Dodging
  3643 | D:6      | Reached XP level 7. HP: 2/45 MP: 7/7
  3735 | D:6      | Noticed Menkaure
  3922 | D:6      | Killed Menkaure
  3923 | D:6      | Reached skill level 6 in Fighting
  3923 | D:6      | Reached skill level 5 in Maces & Flails
  4010 | D:6      | Identified the +8 plate armour of Viosuej {-Tele rPois
                  | Str+5 Stlth+}
  4174 | D:6      | Found a radiant altar of Vehumet.
  4179 | D:6      | Found an ornate altar of the Wu Jian Council.
  4179 | D:6      | Found a bloodstained altar of Trog.
  4179 | D:6      | Found a shimmering blue altar of Sif Muna.
  4185 | D:6      | Found a burning altar of Makhleb.
  4188 | D:6      | Found a hazy altar of Hepliaklqana.
  4260 | D:6      | Noticed Blork the orc
  4272 | D:6      | Killed Blork the orc
  4519 | D:5      | Killed Duvessa
  4520 | D:5      | Reached XP level 8. HP: 18/52 MP: 8/8
  4531 | D:5      | Killed Dowan
  4669 | D:5      | Found a sparkling altar of Nemelex Xobeh.
  4869 | D:5      | Found an opulent altar of Gozag.
  5002 | D:5      | Found a glowing silver altar of Zin.
  5357 | D:7      | Reached skill level 7 in Fighting
  5476 | D:7      | Reached * piety under the Shining One
  5727 | D:7      | Found a runed translucent door.
  5728 | D:7      | Noticed Crazy Yiuf
  5849 | D:7      | Noticed a troll
  5862 | D:7      | Killed a troll
  5863 | D:7      | Reached skill level 8 in Fighting
  5863 | D:7      | Reached XP level 9. HP: 29/59 MP: 9/9
  7240 | D:8      | Reached skill level 5 in Dodging
  7809 | D:4      | Killed Edmund
  7810 | D:4      | Reached skill level 9 in Fighting
  8275 | D:9      | Killed from afar by a steam dragon

Illustrated notes

Levels and vault maps discovered:
D:1:      amcnicky_arrival_wind_blow, layout_rooms,
          dreamdust_ecumenical_altar_grove, minmay_ruptured
D:2:      layout_loops_corners
D:3:      layout_rooms, ebering_ghost_gozag, ebering_dispersal_statue_hall,
          dk_vineyard_2, kennysheep_generic_room_9
D:4:      layout_loops_ring, biasface_ghost_orc_armoury, nrook_loot_triangle,
          uniq_edmund, uniq_eustachio
D:5:      layout_basic, pdpol_temple_overflow_zin_treasury_gozag_greed,
          nicolae_ru_sacrificial_ziggurat, mainiacjoe_overflow_brackets,
          minmay_temple_entry_large_hall, minmay_misc_feat_tower,
          kennysheep_generic_room_16, uniq_duvessa
D:6:      layout_cave_pools, minmay_overflow_temple_hex, feat_on_display,
          uniq_blork_the_orc, uniq_menkaure
D:7:      layout_gridville, amcnicky_mini_rare_corridor_liquid,
          uniq_crazy_yiuf_cottage
D:8:      layout_basic, lightli_orcish_oven
D:9:      layout_long_grid, orc_david_3, gammafunk_ghost_grave, uniq_maurice
Temple:   nicolae_temple_no_exploring_needed

Skill      XL: |  1  2  3  4  5  6  7  8  9 |
---------------+----------------------------+-----
Fighting       | 4 5 6 8 9 |  9.1
Shields        | 4 5 |  5.3
Maces & Flails | 3 4 5 6 7 |  7.9
Dodging        | 1 2 4 5 |  5.1
Armour         | |  3.8

Action                     |  1- 3 |  4- 6 |  7- 9 || total
---------------------------+-------+-------+-------++-------
  Melee: Flail             |   116 |   139 |   285 ||   540
         Morningstar       |       |       |    28 ||    28
    Use: Scroll            |     2 |     4 |     3 ||     9
         Potion            |       |     1 |     2 ||     3
 Armour: Scale mail        |    59 |    55 |    91 ||   205
         Plate armour      |       |       |    22 ||    22
  Dodge: Dodged            |    84 |    95 |   256 ||   435
  Block: Buckler           |    25 |    29 |    57 ||   111
